 Seeded DCSS version 0.29.1-12-g30fa7ad0bf (webtiles) character file.

Game seed: 8067774122993711936 (custom seed)

44 Hubris850 the Ogre Mage (level 3, 0/26 (31) HPs)
             Began as an Ogre Hedge Wizard on Jan 12, 2023.
             Slain by a gnoll
             ... wielding a +0 flail of draining
              (11 damage)
             ... on level 2 of the Dungeon.
             The game lasted 00:04:03 (1444 turns).

Hubris850 the Ogre Mage (Ogre Hedge Wizard)         Turns: 1444, Time: 00:04:04

HP:   0/26 (31)     AC:  3    Str: 22    XL:     3   Next: 60%
MP:   8/8           EV: 10    Int: 15    God:
Gold: 55            SH:  0    Dex:  8    Spells: 6/9 levels left

rFire   . . .      SeeInvis .   g - +0 mace
rCold   . . .      Faith    .   (no shield)
rNeg    . . .      Spirit   .   b - +0 robe
rPois   .          Reflect  .   c - +0 hat
rElec   .          Harm     .   (no cloak)
rCorr   +          Rampage  .   (gloves unavailable)
Will    .....                   (boots unavailable)
Stlth   +.........              f - amulet of magic regeneration
HPRegen 0.08/turn               m - ring of resist corrosion
MPRegen 0.51/turn               n - +6 ring of strength

@: very slightly contaminated, heavily drained
A: large, unfitting armour, tough skin 1
a: no special abilities


You were on level 2 of the Dungeon.
You visited 1 branch of the dungeon, and saw 2 of its levels.

You collected 55 gold pieces.

Inventory:

Hand Weapons
 a - a +0 dagger
 g - a +0 mace (weapon)
 h - a +0 club
Missiles
 j - 4 javelins
Armour
 b - a +0 robe (worn)
 c - a +0 hat (worn)
Jewellery
 f - an amulet of magic regeneration (around neck)
 m - a ring of resist corrosion (left hand)
 n - a +6 ring of strength (right hand)
Scrolls
 k - a scroll of enchant armour {unknown}
Potions
 d - a potion of magic
 e - a potion of invisibility {unknown}
 i - 2 potions of mutation {unknown}
 l - a potion of brilliance {unknown}


   Skills:
 + Level 1.5 Maces & Flails
 + Level 2.6 Dodging
 - Level 1.4 Stealth
 - Level 3.7 Spellcasting
 - Level 1.0 Conjurations
 - Level 1.0 Summonings
 - Level 1.0 Translocations


You had 6 spell levels left.
You knew the following spells:

 Your Spells              Type           Power      Damage    Failure   Level
a - Magic Dart            Conj           24%        1d4       12%         1
b - Call Imp              Summ           6%         N/A       19%         2

Your spell library contained the following spells:

 Spells                   Type           Power      Damage    Failure   Level
 Slow                     Hex            8%         N/A       19%         1
 Sting                    Tmut/Pois      8%         1d3       19%         1
 Blink                    Tloc           12%        N/A       19%         2
 Poisonous Vapours        Pois/Air       4%         N/A       28%         2
 Conjure Flame            Conj/Fire      4%         6-21      41%         3
 Mephitic Cloud           Conj/Pois/Air  3%         N/A       43%         3
 Olgreb's Toxic Radiance  Pois           2%         N/A       88%         4


Dungeon Overview and Level Annotations

Branches:
Dungeon (2/15)

Altars:

Shops:
D:1 [


Innate Abilities, Weirdness & Mutations

You are too large for most types of armour.
You have tough skin. (AC +1)


Message History

You feel drained.
Casting: Call Imp (safe; 19% risk of failure)
Confirm with . or Enter, or press ? or * to list all spells.
Aiming: Magic Dart (safe; 12% risk of failure)
Press: ? - help, Shift-Dir - straight line, f/p - gnoll
Aim: a gnoll, wielding a +0 flail of draining (severely wounded, ally target, 100% to hit)
The magic dart hits the gnoll.
The gnoll is severely wounded.
The giant cockroach barely misses you. The gnoll misses you.
The giant cockroach bites you.
Casting: Magic Dart (safe; 12% risk of failure)
Confirm with . or Enter, or press ? or * to list all spells.
Aiming: Magic Dart (safe; 12% risk of failure)
Press: ? - help, Shift-Dir - straight line, f/p - gnoll
Aim: a gnoll, wielding a +0 flail of draining (severely wounded, ally target, 100% to hit)
You miscast Magic Dart.
You are very lightly contaminated with residual magic.
Nothing appears to happen.
Your crimson imp closely misses the gnoll.
The giant cockroach bites you. The gnoll hits you but does no damage.
You feel drained.
You closely miss the gnoll.
The gnoll is severely wounded.
The giant cockroach bites you but does no damage.
Your crimson imp barely misses the gnoll.
The gnoll closely misses you.
You hit the gnoll but do no damage.
The gnoll is severely wounded.
The giant cockroach barely misses you.
Your crimson imp hits the gnoll but does no damage.
The gnoll closely misses your crimson imp.
The giant cockroach bites you.
Your crimson imp barely misses the gnoll.
You hit the gnoll but do no damage.
The gnoll is severely wounded.
The gnoll closely misses you. The giant cockroach bites you.
Your crimson imp hits the gnoll.
A gnoll comes into view. It is wielding a +0 club.
The gnoll hits you with a +0 flail of draining!
You die...

#.#.# #.#.# ###.#.#
..#.#.# #.#.#.# ##
#.#)#g# ##. ##
#.#.#.# #..
....###.#gBg# ...#
........5@.##
...###########....#
...#)...).........#
..........†#......#
....#.###....##...#
#...#......####...#
#...####...#
#...#######
#...####.#.#
#.........#
.........#.#
#.........#


You could see 3 gnolls, a giant cockroach and a friendly crimson imp (summoned).

Vanquished Creatures
  A dart slug (D:1)
  A bat (D:1)
  2 endoplasms (D:1)
  2 giant cockroaches (D:1)
  5 goblins
  2 hobgoblins
  A quokka (D:1)
  3 ball pythons
  3 frilled lizards (D:1)
  5 kobolds
  3 rats
28 creatures vanquished.

Vanquished Creatures (collateral kills)
  A gnoll (D:2)
  A ball python (D:2)
2 creatures vanquished.

Grand Total: 30 creatures vanquished

Notes
Turn   | Place    | Note
-------+----------+-------------------------------------------
     0 | D:1      | Hubris850 the Ogre Hedge Wizard began the quest for the
                  | Orb.
     0 | D:1      | Reached XP level 1. HP: 16/16 MP: 5/5
   111 | D:1      | Found Woicy's Armour Shop.
   127 | D:1      | Reached skill level 1 in Conjurations
   127 | D:1      | Reached skill level 1 in Summonings
   127 | D:1      | Reached skill level 1 in Translocations
   239 | D:1      | Reached XP level 2. HP: 24/24 MP: 3/6
   252 | D:1      | Learned a level 2 spell: Call Imp
  1021 | D:1      | Reached skill level 1 in Maces & Flails
  1092 | D:1      | Reached XP level 3. HP: 24/31 MP: 4/8
  1160 | D:1      | Found a faded altar of an unknown god.
  1444 | D:2      | Slain by a gnoll

Illustrated notes

Levels and vault maps discovered:
D:1:      eino_arrival_tree_alley, layout_basic,
          hellmonk_ecumenical_altar_inner_sanctum, serial_shops,
          nicolae_shop_hallway_stairs
D:2:      layout_basic, serial_shops, nicolae_shop_bloodbath_and_beyond

Skill      XL: |  1  2 |
---------------+-------+-----
Conjurations   | 1 |  1.0
Summonings     | 1 |  1.0
Translocations | 1 |  1.0
Dodging        | 2 |  2.6
Maces & Flails | 1 |  1.5
Stealth        | |  1.4
Spellcasting   | |  3.7

Action                   || total
-------------------------++-------
Melee: Mace              ||    25
 Cast: Magic Dart        ||    61
       Call Imp          ||     2
Armor: Robe              ||     7
Dodge: Dodged            ||    17
